3AA
SPRINGFIELD SHOOTERS @ CASPER GHOSTS
05/06/2029
 
TOP OF THE 1ST
Springfield Shooters batting - Pitching for Casper Ghosts : RHP Ángelo Román
Pitching: RHP Ángelo Román
Batting: RHB Eun-bum Kim 0-0: Ball
1-0: Called Strike
1-1: Swinging Strike
1-2: Foul Ball, location: 2F
1-2: Ball
2-2: Foul Ball, location: 2F
2-2: Ball
3-2: Base on Balls
Batting: LHB Calvin Wilms 0-0: Foul Ball, location: 2F
0-1: Ball
1-1: Swinging Strike
1-2: Foul Ball, location: 2F
1-2: Ball
2-2: Fly out, F8 (Flyball, 8LD)
Batting: SHB Willie McGirt 0-0: Called Strike
Eun-bum Kim steals 2nd base
0-1: Ball
1-1: Swinging Strike
1-2: Strikes out looking
Batting: SHB Billy Dotson 0-0: Called Strike
0-1: Foul Ball, location: 2F
0-2: Ball
1-2: Ball
2-2: Ground out U3 (Groundball, 3)
Top of the 1st over - 0 runs, 0 hits, 0 errors, 1 left on base; Springfield 0 - Casper 0
BOTTOM OF THE 1ST
Casper Ghosts batting - Pitching for Springfield Shooters : RHP César Albó
Pitching: RHP César Albó
Batting: LHB Ronald Anderson 0-0: Called Strike
0-1: Foul Ball, location: 2F
0-2: Strikes out swinging
Batting: RHB José Córdova 0-0: Ball
1-0: Ball
2-0: Ball
3-0: Called Strike
3-1: Foul Ball, location: 2F
3-2: Ground out U3 (Groundball, 3L)
Batting: RHB Derek Bangert 0-0: Ball
1-0: Ball
2-0: Ball
3-0: Called Strike
3-1: SINGLE (Flyball, 78S)
Pitching: LHP Marcus Blakely
Batting: RHB Jorge Díaz 0-0: Ball
1-0: Ball
2-0: Ground out 4-3 (Groundball, 4)
Bottom of the 1st over - 0 runs, 1 hit, 0 errors, 1 left on base; Springfield 0 - Casper 0
TOP OF THE 2ND
Springfield Shooters batting - Pitching for Casper Ghosts : RHP Ángelo Román
Batting: LHB Armando Rodríguez 0-0: Ground out 1-3 (Groundball, 13S)
Batting: RHB Sébastien Bernard 0-0: Called Strike
0-1: Ball
1-1: Swinging Strike
1-2: Foul Ball, location: 2F
1-2: Ball
2-2: Strikes out swinging
Batting: RHB Francisco Gonzáles 0-0: Called Strike
0-1: Called Strike
0-2: Ball
1-2: Strikes out swinging
Top of the 2nd over - 0 runs, 0 hits, 0 errors, 0 left on base; Springfield 0 - Casper 0
BOTTOM OF THE 2ND
Casper Ghosts batting - Pitching for Springfield Shooters : LHP Marcus Blakely
Batting: RHB Bob Phillips 0-0: Called Strike
0-1: Ball
1-1: Ball
2-1: Foul Ball, location: 2F
2-2: Ball
3-2: Foul Ball, location: 2F
3-2: Fly out, F9 (Flyball, 9S)
Batting: RHB Steve Weber 0-0: Ball
1-0: Foul Ball, location: 2F
1-1: Ball
2-1: Swinging Strike
2-2: Foul Ball, location: 2F
2-2: Ball
3-2: SINGLE (Flyball, 9LM)
Batting: RHB Félix Ramos 0-0: Ball
1-0: Called Strike
1-1: Ball
2-1: Called Strike
2-2: Strikes out looking
Batting: LHB Jorge Morín 0-0: Called Strike
0-1: Ball
1-1: Ball
2-1: SINGLE (Groundball, 4MD)
Steve Weber to second
Runner from 2nd tries for 3rd, OUT after rundown.
Bottom of the 2nd over - 0 runs, 2 hits, 0 errors, 1 left on base; Springfield 0 - Casper 0
TOP OF THE 3RD
Springfield Shooters batting - Pitching for Casper Ghosts : RHP Ángelo Román
Batting: RHB Willis Kirkendall 0-0: Foul Ball, location: 2F
0-1: Fly out, F7 (Line Drive, 7)
Batting: LHB Marshall Willis 0-0: Ball
1-0: Ball
2-0: Swinging Strike
2-1: Ball
3-1: Foul Ball, location: 2F
3-2: Base on Balls
Batting: RHB Eun-bum Kim 0-0: Ball
1-0: Swinging Strike
1-1: Ball
2-1: Swinging Strike
2-2: Foul Ball, location: 2F
2-2: Strikes out looking
Batting: LHB Calvin Wilms 0-0: Ball
Marshall Willis is caught stealing 2nd base
Top of the 3rd over - 0 runs, 0 hits, 0 errors, 0 left on base; Springfield 0 - Casper 0
BOTTOM OF THE 3RD
Casper Ghosts batting - Pitching for Springfield Shooters : LHP Marcus Blakely
Batting: RHB Juan Hernández 0-0: Ball
1-0: Foul Ball, location: 2F
1-1: SINGLE (Line Drive, 4D)
Batting: LHB Ronald Anderson 0-0: Called Strike
0-1: Foul Ball, location: 2F
0-2: Strikes out swinging
Batting: RHB José Córdova 0-0: Ball
1-0: Foul Ball, location: 2F
1-1: Ball
2-1: Ball
3-1: Base on Balls
Juan Hernández to second
Batting: RHB Derek Bangert 0-0: Ball
Juan Hernández steals 3rd base
José Córdova to second
1-0: Swinging Strike
1-1: Ball
2-1: Fly out, F7 (Flyball, 78S)
Batting: RHB Jorge Díaz 0-0: Ground out 4-3 (Groundball, 4)
Bottom of the 3rd over - 0 runs, 1 hit, 0 errors, 2 left on base; Springfield 0 - Casper 0
TOP OF THE 4TH
Springfield Shooters batting - Pitching for Casper Ghosts : RHP Ángelo Román
Batting: LHB Calvin Wilms 0-0: Ball
1-0: Foul Ball, location: 2F
1-1: Foul Ball, location: 2F
1-2: Ball
2-2: Ground out 4-3 (Groundball, 4S)
Batting: SHB Willie McGirt 0-0: Foul Ball, location: 2F
0-1: Fly out, F8 (Flyball, 8RD)
Batting: SHB Billy Dotson 0-0: Ball
1-0: Ball
2-0: Ball
3-0: Called Strike
3-1: SINGLE (Groundball, 4MD)
Batting: LHB Armando Rodríguez 0-0: Ball
1-0: Foul Ball, location: 2F
1-1: SINGLE (Groundball, 4MD)
Billy Dotson to second
Batting: RHB Sébastien Bernard 0-0: Fielders Choice at 2nd, 5-4 (Groundball, 56)
Top of the 4th over - 0 runs, 2 hits, 0 errors, 2 left on base; Springfield 0 - Casper 0
BOTTOM OF THE 4TH
Casper Ghosts batting - Pitching for Springfield Shooters : LHP Marcus Blakely
Batting: RHB Bob Phillips 0-0: Ball
1-0: Ball
2-0: Called Strike
2-1: Ball
3-1: Foul Ball, location: 2F
3-2: Base on Balls
Batting: RHB Steve Weber 0-0: Called Strike
0-1: Fly out, F9 (Flyball, 9D)
Batting: RHB Félix Ramos 0-0: Ball
1-0: Ball
2-0: Ball
3-0: Called Strike
3-1: SINGLE (Line Drive, 78S)
Bob Phillips to second
Batting: LHB Jorge Morín 0-0: Foul Ball, location: 2F
0-1: Ball
1-1: Foul Ball, location: 2F
1-2: Ball
2-2: Ball
3-2: Ground out 6-3 (Groundball, 56D)
Bob Phillips to third
Félix Ramos to second
Pitching: RHP Kozue Koga
Batting: RHB Juan Hernández 0-0: Ball
1-0: Ball
2-0: Foul Ball, location: 2F
2-1: Swinging Strike
2-2: Ball
3-2: Base on Balls
Batting: LHB Ronald Anderson 0-0: Ball
1-0: Foul Ball, location: 2F
1-1: Swinging Strike
1-2: Ball
2-2: Ball
3-2: Foul Ball, location: 2F
3-2: Foul Ball, location: 2F
3-2: Fly out, F9 (Flyball, 9LM)
Bottom of the 4th over - 0 runs, 1 hit, 0 errors, 3 left on base; Springfield 0 - Casper 0
TOP OF THE 5TH
Springfield Shooters batting - Pitching for Casper Ghosts : RHP Ángelo Román
Batting: RHB Francisco Gonzáles 0-0: Ball
1-0: Ball
2-0: DOUBLE (Line Drive, 8LD)
Batting: RHB Willis Kirkendall 0-0: Ball
1-0: Foul Ball, location: 2F
1-1: Called Strike
1-2: SINGLE (Flyball, 7LS)
Francisco Gonzáles to third
Runner from 3rd tries for Home, throw and OUT!
Batting: LHB Marshall Willis 0-0: Fly out, F7 (Line Drive, 7D)
Batting: RHB Eun-bum Kim 0-0: Called Strike
0-1: Called Strike
0-2: Strikes out looking
Top of the 5th over - 0 runs, 2 hits, 0 errors, 1 left on base; Springfield 0 - Casper 0
BOTTOM OF THE 5TH
Casper Ghosts batting - Pitching for Springfield Shooters : RHP Kozue Koga
Batting: RHB José Córdova 0-0: Ball
1-0: Ball
2-0: Ball
3-0: Base on Balls
Batting: RHB Derek Bangert 0-0: Ball
1-0: Foul Ball, location: 2F
1-1: Ball
2-1: SINGLE (Groundball, 6MD)
José Córdova to second
Runner from 2nd tries for 3rd, SAFE, throw made to third
Batting: RHB Jorge Díaz 0-0: Fly out, F7 (Flyball, 7)
Runner from 3rd tags up, SCORES, no throw
Batting: RHB Bob Phillips 0-0: Ball
1-0: Called Strike
1-1: Foul Ball, location: 2F
1-2: Fly out, F1 (Line Drive, 15)
Lined into DP, 1-3 (Line Drive, 15)
Bottom of the 5th over - 1 run, 1 hit, 0 errors, 0 left on base; Springfield 0 - Casper 1
TOP OF THE 6TH
Springfield Shooters batting - Pitching for Casper Ghosts : RHP Ángelo Román
Batting: LHB Calvin Wilms 0-0: Called Strike
0-1: Ball
1-1: Ground out 6-3 (Groundball, 6M)
Batting: SHB Willie McGirt 0-0: Ball
1-0: Ball
2-0: Foul Ball, location: 2F
2-1: Fly out, F8 (Flyball, 8RD)
Batting: SHB Billy Dotson 0-0: Ball
1-0: Called Strike
1-1: Ball
2-1: Ball
3-1: Foul Ball, location: 2F
3-2: Base on Balls
Batting: LHB Armando Rodríguez 0-0: Called Strike
0-1: Ball
1-1: Called Strike
1-2: Fly out, F3 (Popup, 23F)
Top of the 6th over - 0 runs, 0 hits, 0 errors, 1 left on base; Springfield 0 - Casper 1
BOTTOM OF THE 6TH
Casper Ghosts batting - Pitching for Springfield Shooters : RHP Kozue Koga
Batting: RHB Steve Weber 0-0: Ball
1-0: Called Strike
1-1: Ball
2-1: Called Strike
2-2: SINGLE (Groundball, 56D)
Batting: RHB Félix Ramos 0-0: Ball
1-0: Bunt missed!
1-1: Bunt - Flyout! F1
Batting: LHB Jorge Morín 0-0: Ball
1-0: Grounds into double play, 6-4-3 (Groundball, 6)
Bottom of the 6th over - 0 runs, 1 hit, 0 errors, 0 left on base; Springfield 0 - Casper 1
TOP OF THE 7TH
Springfield Shooters batting - Pitching for Casper Ghosts : RHP Ángelo Román
Batting: RHB Sébastien Bernard 0-0: Ball
1-0: Called Strike
1-1: Foul Ball, location: 2F
1-2: Foul Ball, location: 2F
1-2: Ground out 5-3 (Groundball, 5S)
Batting: RHB Francisco Gonzáles 0-0: Ball
1-0: Ball
2-0: Ball
3-0: Base on Balls
Batting: RHB Willis Kirkendall 0-0: Foul Ball, location: 2F
0-1: Ball
1-1: Called Strike
Francisco Gonzáles is caught stealing 2nd base
1-2: Ball
2-2: Foul Ball, location: 2F
2-2: Foul Ball, location: 2F
2-2: Foul Ball, location: 2F
2-2: SOLO HOME RUN (Flyball, 7LD), Distance : 376 ft
Batting: LHB Marshall Willis 0-0: Ball
1-0: Ground out 6-3 (Groundball, 6)
Top of the 7th over - 1 run, 1 hit, 0 errors, 0 left on base; Springfield 1 - Casper 1
BOTTOM OF THE 7TH
Casper Ghosts batting - Pitching for Springfield Shooters : RHP Kozue Koga
Pinch Hitting: SHB José Juárez 0-0: Swinging Strike
0-1: Ground out U3 (Groundball, 3)
Batting: LHB Ronald Anderson 0-0: Ball
1-0: Called Strike
1-1: Foul Ball, location: 2F
1-2: Ball
2-2: Strikes out looking
Batting: RHB José Córdova 0-0: Ball
1-0: Ball
2-0: Swinging Strike
2-1: Called Strike
2-2: Foul Ball, location: 2F
2-2: Foul Ball, location: 2F
2-2: Foul Ball, location: 2F
2-2: Ball
3-2: Ground out 1-3 (Groundball, P)
Bottom of the 7th over - 0 runs, 0 hits, 0 errors, 0 left on base; Springfield 1 - Casper 1
TOP OF THE 8TH
Springfield Shooters batting - Pitching for Casper Ghosts : RHP Ángelo Román
Pitching: RHP Yoshii Ikeda
Now at 3B: Roberto De La Cruz
Batting: RHB Eun-bum Kim 0-0: Ball
1-0: Called Strike
1-1: Ball
2-1: Ball
3-1: Base on Balls
Batting: LHB Calvin Wilms 0-0: Called Strike
0-1: Bunted foul
0-2: Ball
1-2: Foul Ball, location: 2F
1-2: Ball
2-2: Foul Ball, location: 2F
2-2: Foul Ball, location: 2F
2-2: Ball
3-2: Strikes out swinging
Batting: SHB Willie McGirt 0-0: Ball
1-0: Ball
2-0: Called Strike
2-1: DOUBLE (Line Drive, 9LD)
Eun-bum Kim to third
Batting: SHB Billy Dotson 0-0: Called Strike
0-1: DOUBLE (Line Drive, 9LM)
Eun-bum Kim scores
Willie McGirt scores
Batting: LHB Armando Rodríguez 0-0: Intentional Walk
Pinch Hitting: RHB Javier De Jesús 0-0: Grounds into double play, 5-4-3 (Groundball, 5)
Top of the 8th over - 2 runs, 2 hits, 0 errors, 1 left on base; Springfield 3 - Casper 1
BOTTOM OF THE 8TH
Casper Ghosts batting - Pitching for Springfield Shooters : RHP Kozue Koga
Now in LF: Javier De Jesús
Batting: RHB Derek Bangert 0-0: Ball
1-0: Ball
2-0: Foul Ball, location: 2F
2-1: Foul Ball, location: 2F
2-2: Foul Ball, location: 2F
2-2: Foul Ball, location: 2F
2-2: Hit by Pitch
Pinch Runner at 1st Armando Pacheco:
Batting: RHB Jorge Díaz 0-0: Ball
1-0: Ball
2-0: Ball
3-0: Called Strike
3-1: Foul Ball, location: 2F
3-2: SINGLE (Groundball, 6MD)
Armando Pacheco to second
Armando Pacheco to third
Pitching: RHP Gerald Keller
Batting: RHB Bob Phillips 0-0: Called Strike
0-1: Called Strike
0-2: Ball
1-2: Ground out 5-3 (Groundball, 5L)
Jorge Díaz to second
Pinch Hitting: SHB Erjan Kerstens 0-0: Ball
1-0: Foul Ball, location: 2F
1-1: Foul Ball, location: 2F
1-2: SINGLE (Groundball, 56D)
Armando Pacheco scores
Jorge Díaz to third
Runner from 3rd tries for Home, SAFE, no throw
Pinch Runner at 1st Paco Ríos:
Batting: RHB Félix Ramos 0-0: Ball
1-0: Ball
2-0: Foul Ball, location: 2F
2-1: Foul Ball, location: 2F
2-2: Ball
3-2: Foul Ball, location: 2F
3-2: Base on Balls
Paco Ríos to second
Batting: LHB Jorge Morín 0-0: Ball
1-0: Called Strike
Félix Ramos steals 2nd base
Paco Ríos to third
1-1: Intentional Walk
Batting: RHB Roberto De La Cruz 0-0: Called Strike
0-1: Ball
1-1: Grounds into double play, 1-2-3 (Groundball, 15S)
Bottom of the 8th over - 2 runs, 2 hits, 0 errors, 2 left on base; Springfield 3 - Casper 3
TOP OF THE 9TH
Springfield Shooters batting - Pitching for Casper Ghosts : RHP Yoshii Ikeda
Pitching: RHP Ignacio Ayala
Now at 1B: Yataro Matsuura
Now at 2B: Armando Pacheco
Batting: RHB Francisco Gonzáles 0-0: Foul Ball, location: 2F
0-1: Ball
1-1: Foul Ball, location: 2F
1-2: Ground out 5-3 (Groundball, 56S)
Batting: RHB Willis Kirkendall 0-0: Called Strike
0-1: Foul Ball, location: 2F
0-2: Ball
1-2: Foul Ball, location: 2F
1-2: Ball
2-2: Foul Ball, location: 2F
2-2: Foul Ball, location: 2F
2-2: Fly out, F8 (Flyball, 89D)
Batting: LHB Marshall Willis 0-0: Called Strike
0-1: Ball
1-1: Fly out, F8 (Flyball, 8LS)
Top of the 9th over - 0 runs, 0 hits, 0 errors, 0 left on base; Springfield 3 - Casper 3
BOTTOM OF THE 9TH
Casper Ghosts batting - Pitching for Springfield Shooters : RHP Gerald Keller
Batting: LHB Ronald Anderson 0-0: Ball
1-0: Fly out, F7 (Line Drive, 78D)
Batting: RHB José Córdova 0-0: Swinging Strike
0-1: Ball
1-1: Foul Ball, location: 2F
1-2: Ground out 5-3 (Groundball, 56S)
Batting: RHB Armando Pacheco 0-0: Called Strike
0-1: Ball
1-1: Foul Ball, location: 2F
1-2: Strikes out swinging
Bottom of the 9th over - 0 runs, 0 hits, 0 errors, 0 left on base; Springfield 3 - Casper 3
TOP OF THE 10TH
Springfield Shooters batting - Pitching for Casper Ghosts : RHP Ignacio Ayala
Batting: RHB Eun-bum Kim 0-0: Swinging Strike
0-1: Ball
1-1: Foul Ball, location: 2F
1-2: Strikes out swinging
Batting: LHB Calvin Wilms 0-0: Ball
1-0: Ball
2-0: SINGLE (Line Drive, 4M)
Pinch Runner at 1st Barrett Drury:
Batting: SHB Willie McGirt 0-0: Ball
Passed Ball!
Barrett Drury to second
1-0: Ball
2-0: Called Strike
2-1: Ball
3-1: Swinging Strike
3-2: Base on Balls
Batting: SHB Billy Dotson 0-0: Foul Ball, location: 2F
0-1: SINGLE (Groundball, 3) (infield hit)
Barrett Drury to third
Willie McGirt to second
Batting: LHB Armando Rodríguez 0-0: Called Strike
0-1: SINGLE (Groundball, 4) (infield hit)
Barrett Drury scores
Willie McGirt to third
Billy Dotson to second
Batting: RHB Javier De Jesús 0-0: GRAND SLAM HOME RUN (Flyball, 7D), Distance : 402 ft
Pitching: LHP Reuben Moerman
Batting: RHB Francisco Gonzáles 0-0: Ball
1-0: Ground out 4-3 (Groundball, 4M)
Batting: RHB Willis Kirkendall 0-0: Swinging Strike
0-1: Ball
1-1: Foul Ball, location: 2F
1-2: Foul Ball, location: 2F
1-2: SINGLE (Groundball, 56D)
Batting: LHB Marshall Willis 0-0: Ground out 6-3 (Groundball, 6M)
Top of the 10th over - 5 runs, 5 hits, 0 errors, 1 left on base; Springfield 8 - Casper 3
BOTTOM OF THE 10TH
Casper Ghosts batting - Pitching for Springfield Shooters : RHP Gerald Keller
Now at C: Young-hoon Im
Batting: RHB Jorge Díaz 0-0: Ball
1-0: SINGLE (Groundball, 56D)
Batting: RHB Bob Phillips 0-0: Foul Ball, location: 2F
0-1: Called Strike
0-2: Ball
1-2: Ball
2-2: Foul Ball, location: 2F
2-2: Ball
3-2: Base on Balls
Jorge Díaz to second
Batting: LHB Yataro Matsuura 0-0: Foul Ball, location: 2F
0-1: Swinging Strike
0-2: Strikes out swinging
Batting: RHB Félix Ramos 0-0: Ball
1-0: Ball
2-0: Called Strike
2-1: Ball
3-1: Called Strike
3-2: Base on Balls
Jorge Díaz to third
Bob Phillips to second
Pitching: RHP Ieyoshi Asai
Batting: LHB Jorge Morín 0-0: Foul Ball, location: 2F
0-1: Fly out, F8 (Flyball, 8RD)
Runner from 3rd tags up, SCORES, no throw
Batting: RHB Roberto De La Cruz 0-0: Foul Ball, location: 2F
0-1: Foul Ball, location: 2F
0-2: Ball
1-2: Foul Ball, location: 2F
1-2: Strikes out swinging
Bottom of the 10th over - 1 run, 1 hit, 0 errors, 2 left on base; Springfield 8 - Casper 4
Tuesday, December 19th, 2017 - OOTP Baseball 18.8 Build 76